 Dungeon Crawl Stone Soup version 0.28.0-53-g5a82cb258f (console) character file.

Game seed: 1993847261500505176

5 erker the Sneak (level 1, 0/11 HPs)
             Began as an Octopode Earth Elementalist on July 11, 2022.
             Slain by a kobold
             ... wielding a +0 club
              (4 damage)
             ... on level 1 of the Dungeon.
             The game lasted 00:01:22 (189 turns).

erker the Sneak (Octopode Earth Elementalist)        Turns: 189, Time: 00:01:22

Health: 0/11       AC:  1    Str:  7    XL:     1   Next: 80%
Magic:  1/3        EV: 13    Int: 17    God:
Gold:   0          SH:  0    Dex: 12    Spells: 3/4 levels left

rFire   . . .      SeeInvis .   c - +0 short sword
rCold   . . .      Faith    .   (no shield)
rNeg    . . .      Spirit   .   (helmet restricted)
rPois   .          Reflect  .   (no amulet)
rElec   .          Harm     .   (no ring)
rCorr   .          Rampage  .   (no ring)
Will    .....                   (no ring)
Stlth   +++.......              (no ring)
HPRegen 0.03/turn               (no ring)
MPRegen 0.08/turn               (no ring)
                                (no ring)
                                (no ring)

@: no status effects
A: almost no armour, amphibious, 8 rings, camouflage 1, gelatinous body 1,
(nimble swimmer 1), tentacles
a: no special abilities


You were on level 1 of the Dungeon.
You visited 1 branch of the dungeon, and saw 1 of its levels.

Inventory:

Hand Weapons
 c - a +0 short sword (weapon)
Missiles
 b - 41 stones
Potions
 a - a potion of berserk rage {unknown}


   Skills:
 + Level 0.5 Short Blades
 - Level 2.0 Dodging
 + Level 3.3 Stealth
 - Level 2.0 Spellcasting
 - Level 1.0 Transmutations
 - Level 3.0 Earth Magic


You had 3 spell levels left.
You knew the following spells:

 Your Spells              Type           Power      Damage    Failure   Level
a - Sandblast             Erth           22%        2d7       5%          1

Your spell library contained the following spells:

 Spells                   Type           Power      Damage    Failure   Level
 Passwall                 Tmut/Erth      6%         N/A       13%         2
 Stone Arrow              Conj/Erth      12%        3d7       30%         3
 Petrify                  Tmut/Erth      8%         N/A       63%         4


Dungeon Overview and Level Annotations

Branches:
Dungeon (1/15)

Altars:


Innate Abilities, Weirdness & Mutations

You cannot wear most types of armour.
You are amphibious.
You can wear up to eight rings at the same time.
Your skin changes colour to match your surroundings (Stealth+).
Your rubbery body absorbs attacks. (AC +1, EV +1)
((You are camouflaged when in or above water. (Stealth+)))
You have tentacles for arms and can constrict up to eight enemies at once.


Message History

You kill the endoplasm!
You barely miss the quokka. Your grab misses the quokka.
You squeeze the quokka.
You kill the quokka!
HP restored.
A kobold comes into view. It is wielding a +0 club.
A kobold and a jackal come into view.
The kobold shouts! x2; The jackal barks!
You hear a bark!
A bat comes into view.
The kobold barely misses you.
Casting: Sandblast (safe; 5% risk of failure)
Confirm with . or Enter, or press ? or * to list all spells.
Aiming: Sandblast (safe; 5% risk of failure)
Press: ? - help, Shift-Dir - straight line, f - jackal
Aim: a jackal (74% to hit)
Okay, then.
The bat misses you.
Casting: Sandblast (safe; 5% risk of failure)
Confirm with . or Enter, or press ? or * to list all spells.
Aiming: Sandblast (safe; 5% risk of failure)
Press: ? - help, Shift-Dir - straight line, f - kobold
Aim: a kobold, wielding a +0 club (74% to hit)
The blast of sand hits the bat.
You kill the bat!
The jackal bites you. The kobold hits you with a +0 club.
The jackal closely misses you. The jackal bites you.
The kobold enters a dispersal trap!
The jackal blinks!
The kobold blinks!
The jackal blinks!
The kobold blinks!
The jackal blinks!
You blink.
The kobold blinks!
Casting: Sandblast (safe; 5% risk of failure)
Confirm with . or Enter, or press ? or * to list all spells.
Aiming: Sandblast (safe; 5% risk of failure)
Press: ? - help, Shift-Dir - straight line, f/p - kobold
Aim: a kobold, wielding a +0 club (74% to hit)
The blast of sand hits the kobold.
The kobold is moderately wounded.
The kobold hits you with a +0 club.
You die...

#.......##.###...
+...............
#........#....#
#.......#....#
#..§.........#### .....
#...........###>###
......#§..........##....#
###....#........#+##..⌠...
......#.@...§§.#.#..[..⌠.
##....#K....^h.#.#..⌠....
##................#.......
..........§.......#######.
.....K.§...........## ##
..........##.....#..##
........†..#.....##..## #
##.........#.....###..####
...........#.....# ##..##.


You could see a jackal and 2 kobolds.

Vanquished Creatures
  An endoplasm (D:1)
  A giant cockroach (D:1)
  A quokka (D:1)
  A bat (D:1)
  A rat (D:1)
5 creatures vanquished.

Notes
Turn   | Place    | Note
-------+----------+-------------------------------------------
     0 | D:1      | erker the Octopode Earth Elementalist began the quest for
                  | the Orb.
     0 | D:1      | Reached XP level 1. HP: 11/11 MP: 3/3
   189 | D:1      | Slain by a kobold

Illustrated notes

Levels and vault maps discovered:
D:1:      dpeg_arrival_leaves_temple_mockup, layout_basic,
          hellmonk_ecumenical_altar_watching_god

Skill      XL: |  1 |
---------------+----+-----
Stealth        | 3 |  3.3
Short Blades   | |  0.5
Dodging        | |  2.0
Spellcasting   | |  2.0
Transmutations | |  1.0
Earth Magic    | |  3.0

Action                   || total
-------------------------++-------
Melee: Short sword       ||     6
       Tentacles         ||     3
       Constrict         ||     1
 Cast: Sandblast         ||     2
Armor: Skin              ||     2
Dodge: Dodged            ||     6
